 Dungeon Crawl Stone Soup version 0.30-a0-1160-g6e42c06551 (webtiles) character file.

Game seed: 9429839510042965458

128 Maxmaps the Shooter (level 4, -8/33 HPs)
             Began as a Demonspawn Hunter on Apr 26, 2023.
             Killed by divine providence
             ... invoked by an orc priest
              (11 damage)
             ... on level 3 of the Dungeon.
             The game lasted 00:03:45 (1571 turns).

Maxmaps the Shooter (Demonspawn Hunter)             Turns: 1571, Time: 00:03:46

Health: -8/33      AC: 10    Str: 12    XL:     4   Next: 86%
Magic:  4/4        EV: 11    Int: 12    God:
Gold:   157        SH:  0    Dex: 18    Spells: 3/3 levels left

rFire   . . .        a - +0 shortbow
rCold   . . .        (shield currently unavailable)
rNeg    . . .        h - +0 ring mail
rPois   .            (no helmet)
rElec   .            (no cloak)
rCorr   .            i - +2 pair of gloves
SInv    .            m - +1 pair of boots
Will    .....        n - amulet of the acrobat
Stlth   ++           (no ring)
HPRegen 0.25/turn    (no ring)
MPRegen 0.09/turn

%: acrobat
@: no status effects
A: thin skeletal structure 1, spiny 1
a: no special abilities


You were on level 3 of the Dungeon.
You visited 1 branch of the dungeon, and saw 3 of its levels.

You collected 157 gold pieces.

Inventory:

Hand Weapons
 a - a +0 shortbow (weapon)
Armour
 c - a +0 leather armour
 h - a +0 ring mail (worn)
 i - a +2 pair of gloves (worn)
 m - a +1 pair of boots (worn)
Jewellery
 n - an amulet of the acrobat (around neck)
Scrolls
 b - a scroll of immolation
Potions
 f - 6 potions of attraction
 j - a potion of lignification
 l - a potion of cancellation {unknown}
 t - a potion of magic {unknown}


   Skills:
 - Level 2.0 Fighting
 + Level 5.7 Ranged Weapons
 - Level 1.7 Dodging
 - Level 0.8 Stealth


You had 3 spell levels left.
You didn't know any spells.
Your spell library contained the following spells:

 Spells                   Type           Power      Damage    Failure   Level
 Summon Guardian Golem    Hex/Summ       0%         N/A       92%         3
 Orb of Destruction       Conj           0%         9d5       100%        7
 Spellforged Servitor     Conj/Summ      0%         N/A       100%        7


Dungeon Overview and Level Annotations

Branches:
Dungeon (3/15)

Altars:


Innate Abilities, Weirdness & Mutations

You have a somewhat thin skeletal structure. (Dex +2, Stealth+)
You are partially covered in sharp spines.


Message History

Fire: a) +0 shortbow
Press: ? - help, Q - select action Shift-Dir - straight line, f/p - orc
Aim: an orc, wielding a +0 club (64% to hit)
You shoot an arrow. The orc priest shouts!
The arrow hits the orc.
The orc is heavily wounded.
The orc hits you but does no damage.
Fire: a) +0 shortbow
Press: ? - help, Q - select action Shift-Dir - straight line, f/p - orc
Aim: an orc, wielding a +0 club (heavily wounded, 64% to hit)
You shoot an arrow.
The arrow hits the orc but does no damage.
The orc is heavily wounded.
The orc is struck by your spines. The orc closely misses you.
An orc comes into view. It is wielding a +0 club.
Fire: a) +0 shortbow
Press: ? - help, Q - select action Shift-Dir - straight line, f/p - orc
Aim: an orc, wielding a +0 club (heavily wounded, 64% to hit)
You shoot an arrow. The arrow closely misses the orc.
The orc shouts!
The arrow hits the orc priest!
The orc priest is heavily wounded.
The orc hits you but does no damage.
The orc priest calls down the wrath of Beogh upon you.
Beogh smites you!
Unknown command.
Fire: a) +0 shortbow
Press: ? - help, Q - select action Shift-Dir - straight line, f/p - orc
Aim: an orc, wielding a +0 club (heavily wounded, 64% to hit)
You shoot an arrow. The arrow hits the orc.
The orc is almost dead.
The orc is struck by your spines.
You kill the orc!
The orc priest mumbles some strange prayers to Beogh against you.
Pain shoots through your body!
* * * LOW HITPOINT WARNING * * *
The orc priest mumbles some strange prayers to Beogh against you.
Beogh smites you!
You die...

,,*,**,*,*,**#.### *,* *,* *,*
,,*,**,*,*,* *...# *,* *,* *,*
,**,**,*,#.***.#.##**,** *,* *,*
,**,**,*,...,,,.o.,,,,,***,* *,*
,**,,,,**#..,,,.oo,,,,*,**,****,*
,,,,>,,###.#***#.#**,,,***,,,,,,,
,*,,,,,,...# #.# *,,,,*****,*,*
,*,#*,**##.## #)# *,,,,,,,,,,,,*
,*,...###...####@# *,,~~~~~~~,,,*
,*,..............# *,,,,~~~~~~,,*
,,,,#####...###### **,8,,,,_~~,,*
**,** ##.## *,,,~~~~~~,,* *,*
#.### *,~~~~~~~,,,, *,* #...#
*,,,,,,,,,,** #,* ###.#
**********,** #.#########.# *,**
##...........# *,**


You could see an orc priest and 2 orcs.

Vanquished Creatures
  An orc wizard (D:3)
  4 adders
  A worm (D:2)
  A dart slug (D:2)
  6 orcs (D:3)
  5 bats
  6 endoplasms
  4 giant cockroaches
  3 goblins
  10 hobgoblins
  5 ball pythons
  3 frilled lizards (D:1)
  A kobold (D:1)
  5 rats
55 creatures vanquished.

Vanquished Creatures (others)
  3 plants (D:3)
3 creatures vanquished.

Grand Total: 58 creatures vanquished

Notes
Turn   | Place    | Note
-------+----------+-------------------------------------------
     0 | D:1      | Maxmaps the Demonspawn Hunter began the quest for the Orb.
     0 | D:1      | Reached XP level 1. HP: 16/16 MP: 1/1
   236 | D:1      | Reached skill level 4 in Ranged Weapons
   269 | D:1      | Gained mutation: You have a somewhat thin skeletal
                  | structure. (Dex +2, Stealth+) [demonic ancestry]
   269 | D:1      | Reached XP level 2. HP: 22/22 MP: 2/2
   767 | D:2      | Reached XP level 3. HP: 27/27 MP: 3/3
  1398 | D:3      | Reached skill level 5 in Ranged Weapons
  1453 | D:3      | Gained mutation: You are partially covered in sharp spines.
                  | [demonic ancestry]
  1453 | D:3      | Reached XP level 4. HP: 33/33 MP: 4/4
  1571 | D:3      | Killed from afar by an orc priest

Illustrated notes

Levels and vault maps discovered:
D:1:      eino_arrival_water_star, layout_loops_ring
D:2:      layout_basic
D:3:      layout_loops_ring, mainiacjoe_overflow_catwalk, serial_bayou_ford_a

Skill      XL: |  1  2  3 |
---------------+----------+-----
Ranged Weapons | 4 5 |  5.7
Fighting       | |  2.0
Dodging        | |  1.7
Stealth        | |  0.8

Action                     |  1- 3 |  4- 6 || total
---------------------------+-------+-------++-------
   Fire: Shortbow          |   107 |    45 ||   152
    Use: Scroll            |    11 |       ||    11
 Armour: Leather armour    |    21 |       ||    21
         Ring mail         |       |     9 ||     9
  Dodge: Dodged            |    26 |    15 ||    41

Table legend: (Time is in decaauts)
 A = Elapsed time spent in this place.
 B = Non-inter-level travel time spent in this place.
 C = Inter-level travel time spent in this place.
 D = Time resting spent in this place.
 E = Time spent auto-exploring this place.
 F = Levels seen in this place.
 G = Mean time per level.
                   A        B        C        D        E       F      G
               +--------+--------+--------+--------+--------+-----+--------+
         Total |   1630 |   1568 |     62 |     33 |   1173 |   3 |  543.3 |
       Dungeon |   1630 |   1568 |     62 |     33 |   1173 |   3 |  543.3 |
               +--------+--------+--------+--------+--------+-----+--------+

Top non-repeatable levels by time:
     D:1: 723 daAuts
     D:2: 702 daAuts
     D:3: 205 daAuts
